[Event "*** Titled Tuesday 3|2 Blitz"]
[Site "Chess.com"]
[Date "2016.03.01"]
[Round "7"]
[White "KNVB"]
[Black "kleinebeer98"]
[Result "0-1"]
[WhiteElo "2364"]
[BlackElo "2504"]
[TimeControl "180+2"]
[EndTime "13:05:32 PST"]
[Termination "kleinebeer98 won by resignation"]

1. d4 Nf6 2. Bf4 d5 3. e3 c6 4. Nf3 Bf5 5. c4 e6 6. Nc3 Nbd7 7. Qb3 Qb6 8. c5 Qxb3 9. axb3 Ne4 10. Nxe4 Bxe4 11.
b4 Bxf3 12. gxf3 g6 13. b5 e5 14. Bg3 exd4 15. exd4 Bg7 16. O-O-O a6 17. bxc6 bxc6 18. Bd6 Bf8 19. Bc7 f5 20. Kc2 Bg7 21. b4 Nf8 22. Kc3 Ne6 23. Bd6 Kd7 24. Be2 Rhe8 25. Rhe1 Bf6 26.
f4 Bg7 27. Be5 Bh6 28. Ra1 Bxf4 29. Bxa6 Bxe5 30. Rxe5 Nc7 31. Rxe8 Kxe8 32. Re1+ Kd7 33. Bd3 Ra3+ 34. Kd2 Ra2+ 35. Ke3 Ne6 36. b5 f4+ 37.
Kf3 Nxd4+ 38. Kxf4 Nxb5 39. Bxb5 cxb5 40. Ke5 Kc6 41.
f4 Rxh2 42. Rc1 Rh5+ 43. Ke6 Rf5 0-1

[Event "*** Titled Tuesday 3|2 Blitz"]
[Site "Chess.com"]
[Date "2016.03.01"]
[Round "7"]
[White "D-Prawira"]
[Black "chessbia"]
[Result "0-1"]
[WhiteElo "2198"]
[BlackElo "2028"]
[TimeControl "180+2"]
[EndTime "13:05:43 PST"]
[Termination "chessbia won by resignation"]

1. Nf3 d5 2. g3 Nf6 3. Bg2 c5 4. d3 Nc6 5. O-O g6 6. Nbd2 Bg7 7. e4 dxe4 8. dxe4 O-O 9. c3 b5 10. a4 b4 11. Qe2 a5 12. Rd1 Qc7 13. Nc4 Ba6 14.
Bf1 Rfd8 15. Bf4 Qb7 16. Qe3 Bxc4 17. Bxc4 Qb6 18. Ng5 e6 19. Bxe6 fxe6 20. Nxe6 Rxd1+ 21. Rxd1 Re8 22. Nxg7 Kxg7 23. Bh6+ Kg8 24. Qf4 Ne5 25. Rd5 Nxd5 26. exd5 Qd6 27. c4 Qe7 28. b3 Qf7 29. Qc1 Nf3+ 30. Kg2 Ne1+ 31. Kf1 Nd3 32. Qd2 Qf3 33.
Be3 Qh1+ 34. Ke2 Nc1+ 35. Qxc1 Qxc1 36. Kf3 Qd1+ 37. Kg2 Qxb3 38. d6 Qxc4 39. d7 Qd5+ 40. Kg1 Qxd7 41. h4 Qd5 42. h5 Qf3 43. h6 Rd8 44.
Kh2 Rd1 0-1

[Event "*** Titled Tuesday 3|2 Blitz"]
[Site "Chess.com"]
[Date "2016.03.01"]
[Round "7"]
[White "jcgs1030"]
[Black "AdrianaNikolova"]
[Result "1-0"]
[WhiteElo "2237"]
[BlackElo "2138"]
[TimeControl "180+2"]
[EndTime "13:05:52 PST"]
[Termination "jcgs1030 won by resignation"]

1. e4 c5 2. Nf3 Nc6 3. d4 cxd4 4. Nxd4 Nf6 5. Nc3 d6 6. Bg5 e6 7. Qd2 a6 8. O-O-O h6 9. Nxc6 bxc6 10. Bf4 d5 11.
Qe3 Bb4 12. Be2 Qa5 13. Be5 Be7 14. Qg3 O-O 15. Kb1 Ra7 16. Ka1 Rb7 17. Bd6 Bxd6 18. Qxd6 Qb4 19. Qxb4 Rxb4 20. a3 Rb8 21. e5 Nd7 22. f4 c5 23. g4 Bb7 24. Rhe1 Nb6 25. f5 d4 26. Nb1 exf5 27. gxf5 Be4 28. Bd3 Bxd3 29. Rxd3 Rfe8 30. Nd2 Nd5 31. Nc4 Re7 32.
c3 Nf4 33. Rf3 g5 34. cxd4 cxd4 35. Rd1 d3 36. h4 Rc8 37. b3 f6 38. exf6 Rd7 39. hxg5 hxg5 40. Rg1 Kf8 41. Nb6 Rdc7 42. Nxc8 Rxc8 43. Rd1 Rc3 44. Kb2 Rc2+ 45. Kb1 Rc3 46.
Rg3 Rxb3+ 47. Ka2 Rc3 48. Rxg5 Kf7 49. Rg4 Ne2 50. Ra4 Rc2+ 51. Kb3 Nc3 52. Rxd3 Ne4 53. Kxc2 1-0

[Event "*** Titled Tuesday 3|2 Blitz"]
[Site "Chess.com"]
[Date "2016.03.01"]
[Round "7"]
[White "Mornar1951"]
[Black "Mischuk_D"]
[Result "1-0"]
[WhiteElo "2602"]
[BlackElo "2531"]
[TimeControl "180+2"]
[EndTime "13:05:54 PST"]
[Termination "Mornar1951 won by resignation"]

1. Nf3 Nf6 2. c4 g6 3. Nc3 d5 4. cxd5 Nxd5 5. Qc2 Nc6 6. d4 Ndb4 7. Qa4 Bd7 8. Qb3 Be6 9. Qa4 Bd7 10. Qd1 Bf5 11.
e4 Bg4 12. a3 Bxf3 13. gxf3 Na6 14. d5 Ne5 15. f4 Nd7 16. Qd4 Rg8 17. Bxa6 bxa6 18.
Be3 Nb6 19. e5 Qd7 20. O-O-O O-O-O 21. Qd3 Kb7 22. Qe4 Qf5 23. Qb4 e6 24. d6 cxd6 25. exd6 a5 26. Qe4+ Qxe4 27. Nxe4 f5 28. Nc5+ Kc6 29.
Nxe6 Rxd6 30. Nxf8 Rxf8 31. Rxd6+ Kxd6 32. Bd2 Rc8+ 33. Kb1 Nc4 34. Bc1 Kd5 35. Re1 Rc7 36. b3 Nd6 37. Re5+ Kc6 38. Rxa5 Kb7 39. Be3 a6 40. Re5 Ne4 41. Re6 Nc3+ 42. Ka1 Nd5 43.
Kb2 Nxe3 44. fxe3 Rd7 45. Kc3 Rc7+ 46. Kd4 Rd7+ 47. Kc4 Rc7+ 48. Kb4 Rd7 49. h4 Rd3 50. Kc4 Rd7 51. b4 Rc7+ 52. Kd4 Rd7+ 53. Ke5 Rd3 54. Kf6 Rxa3 55. Kg7 Rb3 56. Kxh7 Rxb4 57. Kxg6 a5 58.
h5 Rb1 59. h6 Rh1 60. Re5 Kb6 61. Rxf5 a4 62. h7 a3 63. Rh5 Rg1+ 64. Kf5 a2 65. h8=Q a1=Q 66. Qxa1 Rxa1 67. Rh2 Kc6 68. Rd2 Rd1 69.
Rxd1 1-0

[Event "*** Titled Tuesday 3|2 Blitz"]
[Site "Chess.com"]
[Date "2016.03.01"]
[Round "7"]
[White "Tesla17"]
[Black "GeorgMeier"]
[Result "0-1"]
[WhiteElo "2298"]
[BlackElo "2741"]
[TimeControl "180+2"]
[EndTime "13:06:00 PST"]
[Termination "GeorgMeier won by resignation"]

1. d4 e6 2. c4 Nf6 3. Nf3 d5 4. Nc3 dxc4 5. e3 a6 6. a4 c5 7. Bxc4 Nc6 8. O-O Be7 9. Qe2 O-O 10. Rd1 Qc7 11. dxc5 Bxc5 12. h3 Ne5 13. Bb3 Bd7 14.
Bd2 Nxf3+ 15. Qxf3 Bc6 16. Qe2 Rfd8 17. Be1 h6 18.
Rxd8+ Rxd8 19. Rd1 Rd7 20. Rxd7 Nxd7 21. Bc2 Bf8 22.
Ne4 Qe5 23. Bc3 Qd5 24. f3 Nc5 25. Nxc5 Bxc5 26. Kf2 f5 27. Qd1 f4 28. Bd4 Kf7 29. Ke2 Bxd4 30. Qxd4 Qxd4 31. exd4 a5 32. Be4 Bxa4 33. Bxb7 Bb5+ 34. Ke1 Ke7 35. Be4 Kd6 36.
h4 e5 37. dxe5+ Kxe5 38. Kf2 Kd4 39. g3 fxg3+ 40. Kxg3 Ke3 41. Bd5 Bd7 42. b3 Bf5 43.
Bc4 Bc2 44. Bd5 Kd4 45. Bf7 Kc3 46. Kf4 Bxb3 47. Bg6 a4 48. Ke5 a3 0-1

[Event "*** Titled Tuesday 3|2 Blitz"]
[Site "Chess.com"]
[Date "2016.03.01"]
[Round "7"]
[White "Lupul_Cenusiu"]
[Black "jk13"]
[Result "0-1"]
[WhiteElo "2462"]
[BlackElo "2429"]
[TimeControl "180+2"]
[EndTime "13:06:02 PST"]
[Termination "jk13 won by checkmate"]

1. d4 Nf6 2. Bg5 Ne4 3. Bf4 Nc6 4. Nf3 d5 5. Nbd2 Bf5 6. e3 e6 7. Bb5 Bd6 8. Ne5 Bxe5 9. Bxe5 O-O 10. Bf4 a6 11.
Be2 Nb4 12. c3 Nxd2 13. cxb4 Ne4 14. Rc1 c6 15. O-O Qe7 16. a3 h6 17. h3 Nf6 18.
Qb3 Nd7 19. Bg3 e5 20. dxe5 Nxe5 21. Rfd1 Rfe8 22. Bf1 h5 23. Qc3 h4 24. Bh2 Be4 25. Rd4 Qf6 26. Qe1 Qg6 27. Bxe5 Rxe5 28. Kh2 Qd6 29. f4 Rh5 30. Qf2 Re8 31. Be2 Rh6 32. Rcd1 Qe7 33. R1d2 Rg6 34. Bf1 Rg3 35. Qe1 g5 36.
Rf2 Qd6 37. Qd2 Re6 38. Kg1 Qe7 39. Qe2 gxf4 40. Rxf4 Reg6 41. Rdxe4 dxe4 42. Qh5 Qg5 43. Qxg5 R6xg5 44. Rxe4 Rxh3 45. Re7 b5 46. Kf2 Rh2 47. Kg1 Rh3 48. Kf2 Rh1 49. Bd3 Rh2 50. Be4 h3 51. Kg1 hxg2 52. Kxh2 g1=Q+ 53. Kh3 Qg3# 0-1

[Event "*** Titled Tuesday 3|2 Blitz"]
[Site "Chess.com"]
[Date "2016.03.01"]
[Round "7"]
[White "Yaacovn"]
[Black "Izoria123"]
[Result "1/2-1/2"]
[WhiteElo "2631"]
[BlackElo "2563"]
[TimeControl "180+2"]
[EndTime "13:06:10 PST"]
[Termination "Game drawn by agreement"]

1. d4 Nf6 2. Nf3 g6 3. c4 Bg7 4. Nc3 d5 5. cxd5 Nxd5 6. g3 Nb6 7. Bg2 Nc6 8. O-O Nxd4 9. Nxd4 Qxd4 10. Nb5 Qc4 11. Qb3 O-O 12. Qxc4 Nxc4 13. Nxc7 Rb8 14. Nd5 Bg4 15. Nxe7+ Kh8 16. Bd5 Nxb2 17. Rb1 Na4 18. Bf4 Rbd8 19. Rxb7 Nc3 20. Bf3 Nxe2+ 21. Bxe2 Bxe2 22.
Re1 Bf3 23. Rxa7 h6 24. Ra3 Ba8 25. h4 Rd7 26. Rae3 Rfd8 27. a4 Bf6 28. Be5 Bxe5 29.
Rxe5 Kg7 30. h5 Rd1 31. hxg6 fxg6 32. f4 Kf7 33. Rxd1 Rxd1+ 34. Kf2 Rd7 35. Nc8 Rd2+ 36. Re2 Rd3 37. Re3 Rd2+ 38. Ke1 Ra2 39. Nb6 Bc6 40. Nc4 Bxa4 41. Nd6+ Kf6 42. Re5 Bc6 43. Rc5 Ra6 44. g4 Ke6 45. Nc4 Bd5 46. Ne3 Bb7 47. Kf2 Ra2+ 48.
Kg3 Ra3 49. Re5+ Kf6 50. Kf2 Ra2+ 51. Ke1 Ra4 52. Rb5 Bf3 53. Rb6+ Kf7 54. f5 gxf5 55. Nxf5 Bxg4 56. Nxh6+ Kg7 1/2-1/2

[Event "*** Titled Tuesday 3|2 Blitz"]
[Site "Chess.com"]
[Date "2016.03.01"]
[Round "7"]
[White "Iwannabetheguy"]
[Black "bugsbunny444"]
[Result "1/2-1/2"]
[WhiteElo "2021"]
[BlackElo "2422"]
[TimeControl "180+2"]
[EndTime "13:06:16 PST"]
[Termination "Game drawn by repetition"]

1. e4 e6 2. d4 d5 3. Nc3 Nf6 4. Bg5 Bb4 5. e5 h6 6. Bd2 Bxc3 7. bxc3 Ne4 8. Bd3 Nxd2 9. Qxd2 c5 10. Nf3 Qe7 11. O-O c4 12. Be2 Qa3 13. Rfb1 Nd7 14. Rb4 Nb6 15. Qe3 Na4 16. Nd2 Qxc3 17. Qxc3 Nxc3 18. Bf3 b5 19. a4 Bd7 20. axb5 Nxb5 21. Nxc4 Ke7 22. Na3 Nc3 23. Nb1 Rhc8 24. Nd2 Nb5 25.
c4 Nxd4 26. cxd5 Nxf3+ 27. Nxf3 exd5 28. Rb7 Rcb8 29. Rc7 Kd8 30. Rc5 Be6 31. h3 Rb4 32.
Rca5 Rb7 33. Nd4 Kd7 34. f4 g6 35. g4 Ke8 36. f5 gxf5 37. gxf5 Bd7 38. e6 fxe6 39. fxe6 Bc8 40. Rxd5 Rg7+ 41. Kf2 Bb7 42. Rb5 a6 43. Rb6 Rd8 44. Nf5 Rc7 45. Nd6+ Ke7 46.
Nxb7 Rd3 47. Na5 Rc2+ 48. Ke1 Rdd2 49. Nc6+ Kf6 50. e7 Re2+ 51. Kd1 Red2+ 52. Ke1 Re2+ 53.
Kf1 Rf2+ 54. Ke1 Rfe2+ 55. Kd1 Red2+ 56. Ke1 Re2+ 1/2-1/2

[Event "*** Titled Tuesday 3|2 Blitz"]
[Site "Chess.com"]
[Date "2016.03.01"]
[Round "7"]
[White "Blitzstream"]
[Black "arnacman"]
[Result "0-1"]
[WhiteElo "2441"]
[BlackElo "2333"]
[TimeControl "180+2"]
[EndTime "13:06:52 PST"]
[Termination "arnacman won by resignation"]

1. e4 c5 2. Nf3 d6 3. d4 cxd4 4.
Nxd4 Nf6 5. Nc3 a6 6. Rg1 e5 7.
Nb3 b5 8. g4 Bb7 9. Bg2 b4 10. g5 bxc3 11. gxf6 Qxf6 12. bxc3 Nc6 13. Rb1 Be7 14. Nc5 Bc8 15. Nd3 Be6 16. Nb4 Nxb4 17.
cxb4 O-O 18. a3 Rfc8 19. Bd2 Rc4 20. c3 Rd8 21. Qe2 Qh4 22. Bf3 Kf8 23. Rd1 f5 24.
exf5 Bxf5 25. Bd5 Rg4 26. Rxg4 Bxg4 27. Bf3 Be6 28. Be3 Qxh2 29. Bb6 Rc8 30. Qe3 h6 31.
Bb7 Rc4 32. Bxa6 Rf4 33. Be2 Bg5 34. Qg3 Qh1+ 35. Bf1 Bg4 36. Rd2 Re4+ 37. Be3 Rxe3+ 38. fxe3 Bh4 39. Rf2+ Bf5 40. Qg2 Bxf2+ 41. Qxf2 Qe4 42. Qd2 Ke7 43. Bg2 Qb1+ 44. Kf2 Qa1 45. b5 Qxa3 46.
b6 Qb3 47. b7 Kd7 48. Qd5 Qxd5 49. Bxd5 Kc7 50. Kf3 Bd3 51. Kg4 Ba6 52. Kh5 Bxb7 53. Be6 Be4 54. Kg4 d5 55. c4 Kd6 56.
cxd5 Bxd5 57. Bf5 Be6 58. e4 g6 0-1

[Event "*** Titled Tuesday 3|2 Blitz"]
[Site "Chess.com"]
[Date "2016.03.01"]
[Round "7"]
[White "oskariot"]
[Black "petrpalachev"]
[Result "1-0"]
[WhiteElo "2314"]
[BlackElo "2262"]
[TimeControl "180+2"]
[EndTime "13:06:52 PST"]
[Termination "oskariot won on time"]

1. g3 d5 2. Bg2 Nf6 3. c4 e6 4. Nf3 Be7 5. O-O O-O 6. b3 c5 7.
e3 Nc6 8. Bb2 b6 9. Qe2 Ba6 10.
d3 Rc8 11. Nbd2 Qc7 12. Rac1 Rfd8 13. Rfd1 Bb7 14. h3 h6 15. g4 e5 16. cxd5 Nxd5 17. Ne4 Qb8 18. a3 Re8 19. Nfd2 Rcd8 20. Nf1 Bf8 21.
Nfg3 Rd7 22. h4 Qd8 23. g5 hxg5 24. hxg5 g6 25. Bh3 Rc7 26. Kg2 Bg7 27. Rh1 Bc8 28.
Bxc8 Qxc8 29. Nd6 Qa8 30. Qf3 Rd8 31. Qxd5 Rcd7 32. Nge4 Na5 33. Qxa8 Rxa8 34. b4 cxb4 35. axb4 Nb7 36. Nxb7 Rxb7 37. Rc6 Rd8 38. Nf6+ Bxf6 39. Rxf6 Re7 40. d4 e4 41. d5 Rxd5 42. Rd6 Rxg5+ 43. Kf1 Rge5 44. Bxe5 Rxe5 45. Rd8+ Kg7 46. Rd7 a6 47. Rb7 Rb5 48. Ra7 Rxb4 49. Rxa6 g5 50. Kg2 f5 51. Rd1 Kg6 52. Rd6+ Kh5 53. Raxb6 Rc4 54. Rd5 Kg4 55.
Rf6 f4 56. exf4 gxf4 57. Rg6+ Kh4 58. Rd8 Kh5 59. Rg7 Kh6 60. Rg4 1-0

[Event "*** Titled Tuesday 3|2 Blitz"]
[Site "Chess.com"]
[Date "2016.03.01"]
[Round "7"]
[White "davidarenas1224"]
[Black "Winehouse83"]
[Result "0-1"]
[WhiteElo "2118"]
[BlackElo "2362"]
[TimeControl "180+2"]
[EndTime "13:07:05 PST"]
[Termination "Winehouse83 won on time"]

1. e4 e5 2. Nf3 Nc6 3. Bb5 a6 4. Bxc6 dxc6 5. O-O Bg4 6. d3 Qf6 7. Nbd2 O-O-O 8. h3 Bh5 9. Nc4 Re8 10. b3 Bxf3 11.
Qxf3 Qxf3 12. gxf3 f6 13. f4 exf4 14. Bxf4 Ne7 15. Bg3 f5 16. Rae1 Rd8 17. Bh4 g5 18.
Bg3 f4 19. Bh2 Bg7 20. f3 Bd4+ 21. Kg2 b5 22. Nd2 Ng6 23. Bg1 Bb2 24. Bf2 Bc3 25. Re2 h5 26. Nb1 Be5 27. Rd1 g4 28. hxg4 hxg4 29. fxg4 f3+ 30. Kxf3 Rh3+ 31. Kg2 Nf4+ 32.
Kf1 Rh1+ 33. Bg1 Nxe2 34. Kxe2 Rg8 35. d4 Rxg4 36. Bf2 Rxd1 37. Kxd1 Bg7 38. Nd2 Rg2 39. Ke1 Kd7 40. c3 c5 41. Nf3 Rg4 42. e5 b4 43.
cxb4 cxd4 44. Bxd4 Ke6 45. Kf2 Kd5 46. Bb2 Rxb4 47. Bc3 Rb8 48. Ke3 Rf8 49. Ke2 Bh6 50. Bb2 Rg8 51. Kf2 Rf8 52. Ke2 Rg8 53. Kf2 Ke4 54. Ne1 Be3+ 55. Ke2 Bd4 56. Bxd4 Kxd4 57.
Nf3+ Ke4 58. e6 Rg2+ 59. Kd1 Kxf3 60. e7 Re2 0-1

[Event "*** Titled Tuesday 3|2 Blitz"]
[Site "Chess.com"]
[Date "2016.03.01"]
[Round "7"]
[White "LuckyTiger"]
[Black "VerdeNotte"]
[Result "1-0"]
[WhiteElo "2592"]
[BlackElo "2528"]
[TimeControl "180+2"]
[EndTime "13:07:43 PST"]
[Termination "LuckyTiger won by resignation"]

1. e4 c5 2. c3 d5 3. exd5 Qxd5 4.
d4 Nc6 5. Nf3 Bf5 6. Be3 Nf6 7.
Na3 cxd4 8. Bc4 Qd7 9. Nxd4 Nxd4 10. Bxd4 a6 11. O-O e6 12. Nc2 Bd6 13. Ne3 Bg6 14. Be2 Qc7 15. Qa4+ b5 16. Bxb5+ Ke7 17. Bc6 Rac8 18.
Bf3 e5 19. Rfe1 Kf8 20. Qxa6 exd4 21. cxd4 Bxh2+ 22. Kh1 Bf4 23. a4 h5 24. g3 Bxe3 25. Rxe3 h4 26. Rc3 hxg3+ 27. Kg1 gxf2+ 28. Kf1 Bd3+ 29. Qxd3 Qd7 30. Rxc8+ Qxc8 31. Bg2 Ng4 32. a5 Qe6 33. a6 Ne3+ 34. Kxf2 Nxg2 35. a7 Qf6+ 36. Qf3 Qxd4+ 37. Kxg2 Qd2+ 38. Kg1 Qg5+ 39. Kf1 Qb5+ 40. Ke1 Qb4+ 41. Kd1 Qd6+ 42. Kc1 Qh6+ 43. Kc2 Qg6+ 44. Kb3 Qb6+ 45. Kc3 Qc5+ 46. Kd3 Qb5+ 47. Kc3 Qc5+ 48. Kb3 Qb5+ 49. Kc2 Rh2+ 50. Kd1 Qd7+ 51. Ke1 Qe6+ 52. Kf1 Qc4+ 53. Kg1 Qd4+ 54. Kxh2 Qxb2+ 55. Qg2 Qe5+ 56. Kh3 Qc3+ 57. Qg3 Qxa1 58. Qb8+ Ke7 59. a8=Q Qf1+ 60. Qg2 Qf5+ 61. Kh2 Qh5+ 62. Kg1 Qd1+ 63. Kh2 Qh5+ 64. Qh3 Qe2+ 65. Kg1 Qe1+ 66. Qf1 Qe3+ 67. Qf2 Qc1+ 68. Kg2 Qc6+ 69. Qf3 Qc2+ 70. Kg3 Qg6+ 71. Kf2 f5 72. Qc7+ Kf8 73. Qc8+ 1-0

[Event "*** Titled Tuesday 3|2 Blitz"]
[Site "Chess.com"]
[Date "2016.03.01"]
[Round "7"]
[White "Spas_Kozhuharov"]
[Black "Saitama_Hero"]
[Result "1-0"]
[WhiteElo "2447"]
[BlackElo "2100"]
[TimeControl "180+2"]
[EndTime "13:08:47 PST"]
[Termination "Spas_Kozhuharov won on time"]

1. d4 Nf6 2. c4 g6 3. Nc3 d5 4. Nf3 Bg7 5. Bf4 dxc4 6. e4 c5 7. dxc5 Qa5 8. Bxc4 Qxc5 9. Bb3 O-O 10. O-O Nc6 11. h3 Rd8 12. Qe2 Nh5 13. Be3 Qa5 14. Rac1 e6 15. Bg5 Re8 16. Rfd1 b6 17. g4 Ba6 18. Bc4 Bxc4 19. Qxc4 Ne5 20. Nxe5 Qxe5 21. Qb5 Nf4 22. Qxe5 Bxe5 23. Bxf4 Bxf4 24. Rc2 Red8 25. Rxd8+ Rxd8 26. Kg2 Rc8 27. Re2 Be5 28. Nd1 b5 29. b3 a5 30. Rd2 Kf8 31. Kf3 Ke7 32.
Ke3 g5 33. Kd3 Rd8+ 34. Ke2 Rxd2+ 35. Kxd2 Kd6 36. Ne3 Kc5 37. Nc2 a4 38. Kd3 axb3 39. axb3 b4 40. f3 Bf4 41. Ne1 Be5 42. Ng2 Bd4 43. h4 h6 44. h5 Bf2 45. Ke2 Bg1 46. Kd3 Bf2 47. f4 f6 48. e5 Bd4 49. exf6 Bxf6 50.
Ke4 Kd6 51. Ne1 gxf4 52. Kxf4 Kd5 53. Nd3 e5+ 54. Kf5 Be7 55. Nxe5 Bd6 56. Nf7 Bf8 57.
Nxh6 Kd4 58. g5 Kc3 59. Ng4 Kxb3 60. h6 Kc3 61. g6 b3 62. g7 Bxg7 63. hxg7 b2 64.
g8=Q b1=Q+ 65. Kg5 Qc1+ 66. Kh4 Qh1+ 67. Kg3 Qg1+ 68.
Kf3 Qf1+ 69. Nf2 Qc4 70. Qg7+ Kb4 71. Ne4 Qd3+ 72. Kf4 Qf1+ 73. Ke3 Qe1+ 74. Kd3 Qd1+ 75. Nd2 1-0

[Event "*** Titled Tuesday 3|2 Blitz"]
[Site "Chess.com"]
[Date "2016.03.01"]
[Round "7"]
[White "dretch"]
[Black "MITerryble"]
[Result "1/2-1/2"]
[WhiteElo "2543"]
[BlackElo "2641"]
[TimeControl "180+2"]
[EndTime "13:11:08 PST"]
[Termination "Game drawn - insufficient material"]

1. d4 e6 2. c4 Bb4+ 3. Bd2 Qe7 4. e4 Bxd2+ 5. Qxd2 d6 6. Nc3 Nf6 7. Nf3 e5 8. Bd3 Bg4 9. dxe5 dxe5 10. Nd5 Nxd5 11.
cxd5 Bxf3 12. gxf3 O-O 13. Rg1 Nd7 14. Rc1 Rac8 15.
Qg5 Qxg5 16. Rxg5 c6 17. dxc6 Rxc6 18. Rxc6 bxc6 19. Ke2 Rd8 20. Ke3 Kf8 21. Rg1 Nc5 22. Bc4 Na4 23. b3 Nc3 24. f4 exf4+ 25. Kxf4 Rd2 26. Ke3 Rxa2 27. Rc1 Nb5 28. Bd3 Ra3 29. Rxc6 Rxb3 30. Rc8+ Ke7 31. Rb8 Nd4 32. Rc8 Ne6 33.
h4 a5 34. Kd2 Rb2+ 35. Ke3 Rb3 36. Kd2 a4 37. Ra8 Nc5 38. Ra7+ Kd6 39. Bc2 Rf3 40.
Ke2 Rf4 41. Ke3 Rxh4 42. Rxf7 g5 43. Ra7 Rh3+ 44. Ke2 Rc3 45. Kd2 Rc4 46. f3 h5 47.
Bd1 g4 48. fxg4 h4 49. Bxa4 Rxa4 50. Rh7 Ra2+ 51. Ke3 Rh2 52. g5 Ne6 53. g6 Rh3+ 54.
Kf2 Rh2+ 55. Ke3 Ke5 56. g7 Rh3+ 57. Kf2 Rg3 58. Rh5+ Kd4 59. Rxh4 Rxg7 60. e5+ Kd3 61. Rh6 Re7 62. Kf3 Nd4+ 63. Kf4 Re8 64. Rd6 Kc4 65. Ke4 Nb5 66. Rc6+ Kb4 67. Rc1 Nc3+ 68. Kf5 Rf8+ 69.
Ke6 Re8+ 70. Kf5 Nb5 71. Kf6 Nd4 72. Rc7 Kb5 73. Re7 Rf8+ 74. Rf7 Rh8 75. Rd7 Kc5 76.
Kg6 Re8 77. e6 Nxe6 78. Kf6 Nd8 79. Rd1 Nc6 80. Kf5 Nd4+ 81. Kf6 Kd5 82. Kf7 Re2 83. Rh1 Ke5 84. Ke7 Nf5+ 85. Kd7 Rd2+ 86. Kc6 Rc2+ 87. Kd7 Ra2 88. Re1+ Kd5 89. Rd1+ Nd4 90.
Ke7 Ra7+ 91. Kf6 Rc7 92. Re1 Rc6+ 93. Kf7 Ra6 94. Kg7 Nf3 95. Re8 Ne5 96. Rd8+ Ke4 97.
Rd1 Nf3 98. Kf7 Ng5+ 99. Ke7 Ke5 100. Kd7 Ne4 101. Kc7 Nd6 102. Re1+ Kd5 103. Rd1+ Kc5 104. Rc1+ Nc4 105. Kd7 Ra7+ 106. Ke6 Rb7 107. Kf6 Kd5 108. Rd1+ Ke4 109. Ke6 Rb6+ 110. Ke7 Ne5 111. Re1+ Kf5 112. Rf1+ Kg5 113. Rg1+ Kh6 114. Rf1 Kg7 115. Rg1+ Ng6+ 116. Kd7 Rf6 117. Kc7 Kf7 118. Re1 Nf8 119. Kb7 Ne6 120. Kc6 Ke7 121. Kd5 Rf5+ 122. Re5 Rf4 123. Rxe6+ Kf7 124. Re5 Kg6 125. Re4 Rxe4 126. Kxe4 1/2-1/2

[Event "*** Titled Tuesday 3|2 Blitz"]
[Site "Chess.com"]
[Date "2016.03.01"]
[Round "8"]
[White "MinhGTrAn"]
[Black "FairChess_on_YouTube"]
[Result "1/2-1/2"]
[WhiteElo "2662"]
[BlackElo "2732"]
[TimeControl "180+2"]
[EndTime "13:14:36 PST"]
[Termination "Game drawn by agreement"]

1. d4 d5 2. c4 c6 3. Nc3 Nf6 4.
cxd5 cxd5 5. Bf4 Nc6 6. e3 a6 7. Bd3 Bg4 8. f3 Bh5 9. g4 Bg6 10. h4 e6 11. Nge2 Bd6 12. h5 Bxd3 13. Qxd3 h6 14. Kf2 Bxf4 15. Nxf4 Qd6 16. Rac1 Nd7 17. Nce2 Rc8 18. Rhg1 Qe7 19. Qb3 1/2-1/2

[Event "*** Titled Tuesday 3|2 Blitz"]
[Site "Chess.com"]
[Date "2016.03.01"]
[Round "8"]
[White "AndreyOstrovskiy"]
[Black "BahadirOzen"]
[Result "1/2-1/2"]
[WhiteElo "2485"]
[BlackElo "2548"]
[TimeControl "180+2"]
[EndTime "13:15:15 PST"]
[Termination "Game drawn by agreement"]

1. e4 d6 2. d4 Nf6 3. f3 e5 4. dxe5 dxe5 5. Qxd8+ Kxd8 6. Bc4 Ke8 7. Be3 c6 8. a4 a5 9. Nd2 Na6 10. c3 Bc5 11. Ke2 Bxe3 12. Kxe3 Ke7 13. h4 Nc5 14. Nh3 h6 15. g4 Be6 16. Bxe6 Nxe6 17. Nc4 Nd7 18. Rhd1 Rhd8 1/2-1/2

[Event "*** Titled Tuesday 3|2 Blitz"]
[Site "Chess.com"]
[Date "2016.03.01"]
[Round "8"]
[White "petrpalachev"]
[Black "Grootneus"]
[Result "1-0"]
[WhiteElo "2267"]
[BlackElo "2022"]
[TimeControl "180+2"]
[EndTime "13:15:23 PST"]
[Termination "petrpalachev won by resignation"]

1. d4 Nf6 2. c4 c5 3. d5 b5 4.
cxb5 a6 5. bxa6 g6 6. Nc3 Bxa6 7. e4 Bxf1 8. Kxf1 d6 9. Nf3 Bg7 10. g3 Nbd7 11. a4 O-O 12. Kg2 Qb6 13. Qc2 Rfb8 14. h3 Ne8 15. Re1 Nc7 16. Rb1 Qb3 17. Qxb3 Rxb3 18. Bd2 Nb6 19. e5 Nc4 20. exd6 exd6 21.
Bf4 Rxb2 22. Rxb2 Nxb2 23. Nb5 Nxb5 24. axb5 c4 25. Bxd6 c3 26. b6 c2 27. b7 Rd8 28.
Rc1 Nc4 29. b8=Q Rxb8 30. Bxb8 Na3 31. Bd6 Bb2 32. Bxa3 1-0

[Event "*** Titled Tuesday 3|2 Blitz"]
[Site "Chess.com"]
[Date "2016.03.01"]
[Round "8"]
[White "Aygehovit1992"]
[Black "Alexander_Donchenko"]
[Result "0-1"]
[WhiteElo "2413"]
[BlackElo "2594"]
[TimeControl "180+2"]
[EndTime "13:15:34 PST"]
[Termination "Alexander_Donchenko won by resignation"]

1. d4 Nf6 2. c4 e6 3. Nc3 Bb4 4.
Nf3 b6 5. Bg5 Bb7 6. e3 h6 7.
Bxf6 Qxf6 8. Bd3 d6 9. O-O Bxc3 10.
bxc3 Nd7 11. e4 e5 12. a4 a5 13. Rb1 Bc6 14. Bc2 O-O 15. g3 Rfe8 16. d5 Bb7 17.
Nh4 Nc5 18. Qd2 Bc8 19. Rbe1 Bh3 20. Ng2 Qf3 21. Nh4 Qh5 22. Ng2 Bd7 23. f4 Bxa4 24. Bxa4 Nxa4 25. fxe5 Qxe5 26. Rf5 Qxc3 27. Qf2 Re7 28.
Nf4 Rae8 29. Nh5 Rxe4 30. Rxe4 Rxe4 31. Rxf7 Qe1+ 32. Qxe1 Rxe1+ 33. Kf2 Kxf7 0-1

[Event "*** Titled Tuesday 3|2 Blitz"]
[Site "Chess.com"]
[Date "2016.03.01"]
[Round "8"]
[White "Iwannabetheguy"]
[Black "KamilPlichta"]
[Result "0-1"]
[WhiteElo "2019"]
[BlackElo "2403"]
[TimeControl "180+2"]
[EndTime "13:15:35 PST"]
[Termination "KamilPlichta won by resignation"]

1. e4 g6 2. d4 Bg7 3. f4 c5 4. Nf3 cxd4 5. Nxd4 Nc6 6. Be3 Qb6 7. Nf5 Qb4+ 8. c3 Qxb2 9. Nxg7+ Kf8 10. Nd2 Qxc3 11. Bf2 Qxg7 12. Bc4 d6 13. O-O Nf6 14. Re1 Ng4 15. Bg3 Qd4+ 16. Kf1 h5 17. Rc1 h4 18. h3 hxg3 0-1

[Event "*** Titled Tuesday 3|2 Blitz"]
[Site "Chess.com"]
[Date "2016.03.01"]
[Round "8"]
[White "viditchess"]
[Black "Danirod"]
[Result "1-0"]
[WhiteElo "2489"]
[BlackElo "2404"]
[TimeControl "180+2"]
[EndTime "13:16:25 PST"]
[Termination "viditchess won by resignation"]

1. e4 c5 2. Nf3 g6 3. c3 Bg7 4. d4 cxd4 5. cxd4 d5 6. e5 a6 7. h3 Nc6 8. Nc3 f6 9. exf6 Nxf6 10. Be3 O-O 11. Be2 Nh5 12. Qd2 Qd6 13. O-O Bd7 14.
Rae1 Nf4 15. Bxf4 Rxf4 16. Nxd5 Rf7 17. Bc4 e6 18. Nb6 Re8 19. Nxd7 Qxd7 20. d5 Rxf3 21. gxf3 Nd4 22. Qd3 b5 23. Bb3 e5 24. f4 exf4 25. d6+ Kh8 26. Bd5 Rd8 27. Re4 Qxd6 28. Rxd4 Qe5 29.
Re4 Qg5+ 30. Kh1 Rxd5 31. Re8+ Bf8 32. Qa3 1-0

[Event "*** Titled Tuesday 3|2 Blitz"]
[Site "Chess.com"]
[Date "2016.03.01"]
[Round "8"]
[White "AndrewMcStone"]
[Black "VerdeNotte"]
[Result "0-1"]
[WhiteElo "1986"]
[BlackElo "2531"]
[TimeControl "180+2"]
[EndTime "13:16:33 PST"]
[Termination "VerdeNotte won by resignation"]

1. d4 Nf6 2. c4 c5 3. d5 b5 4.
cxb5 a6 5. f3 e6 6. e4 c4 7. Bxc4 axb5 8. Bxb5 Bc5 9. Nc3 O-O 10.
Nh3 exd5 11. Nxd5 Nxd5 12. Qxd5 Qa5+ 13. Bd2 Qxb5 14. Qxa8 Ba6 15. O-O-O Nc6 16. Qxf8+ Kxf8 17. Nf4 Qa4 18. Kb1 Bc4 19. b3 Bxb3 20. axb3 Qxb3+ 0-1

[Event "*** Titled Tuesday 3|2 Blitz"]
[Site "Chess.com"]
[Date "2016.03.01"]
[Round "8"]
[White "ChessTrener"]
[Black "MITerryble"]
[Result "0-1"]
[WhiteElo "2599"]
[BlackElo "2651"]
[TimeControl "180+2"]
[EndTime "13:16:57 PST"]
[Termination "MITerryble won by resignation"]

1. d4 e6 2. Nf3 Nf6 3. Bg5 h6 4. Bh4 b6 5. Nbd2 Bb7 6. e3 d6 7. Bd3 g5 8. Bg3 Nh5 9. Qe2 Nd7 10. O-O-O Bg7 11. Kb1 a6 12. c3 Qe7 13. e4 b5 14.
Nb3 Rb8 15. Bc2 Nxg3 16. hxg3 c5 17. e5 dxe5 18. Nxe5 Nxe5 19. dxe5 Bxg2 20. Rh2 Bd5 21. Qe3 Rc8 22. f4 gxf4 23. gxf4 h5 24. Nd2 h4 25.
Ne4 Bxe4 26. Bxe4 Kf8 27. Rd6 a5 28. Bc6 h3 29. Bxb5 0-1

[Event "*** Titled Tuesday 3|2 Blitz"]
[Site "Chess.com"]
[Date "2016.03.01"]
[Round "8"]
[White "AdrianaNikolova"]
[Black "PowerThinking2650"]
[Result "1-0"]
[WhiteElo "2146"]
[BlackElo "2138"]
[TimeControl "180+2"]
[EndTime "13:17:05 PST"]
[Termination "AdrianaNikolova won by resignation"]

1. e4 e5 2. Nf3 Nc6 3. Bb5 a6 4. Ba4 Nf6 5. O-O Be7 6. Re1 b5 7. Bb3 d6 8. h3 O-O 9. c3 Bb7 10. Bc2 Re8 11. a4 Bf8 12. axb5 axb5 13. Rxa8 Bxa8 14.
Na3 b4 15. Nc4 Bb7 16. Ne3 g6 17. d3 Bg7 18. Ng4 Nxg4 19. hxg4 bxc3 20. bxc3 d5 21.
exd5 Qxd5 22. Bb3 Qd7 23. Ng5 Nd8 24. d4 Qc6 25. Qf3 Qxf3 26. Nxf3 Bxf3 27. gxf3 Kf8 28. d5 Nb7 29. c4 Ra8 30. Be3 Ra3 31. Rb1 Na5 32.
Bc5+ 1-0